Map: Oxide LE

Players

PeekaChi - Winner!

  • Race: Terran Terran
  • League: Master

VOD

Have the link to the VOD?

Description

3 rax, remember to 17 scout, works up to AT LEAST 4.9k on NA, thats when i stopped playing. bring scvs and marine to high ground if there is fast adept, and follow up with widow mines and marauders.

Time

  • Played on: Sept. 16, 2021, 6:48 p.m.
  • Length: 5:24
Show
View Real Time Build Order
Export as new Build Order

PeekaChi Terran - Winner!

Build Orders:  

Get SALT Encoding   

  12  0:02  SCV  
  12  0:14  SCV  
  12  0:17  Supply Depot  
  12  0:26  SCV  
  12  0:38  SCV  
  12  0:39  Barracks  
  12  0:43  Refinery  
  12  0:51  SCV  
  12  1:03  SCV  
  12  1:15  SCV  
  12  1:26  Marine  
  12  1:27  Orbital Command  
  12  1:43  Command Center  
  12  1:53  SCV  
  12  1:56  Barracks  
  12  2:00  Barracks Reactor  
  12  2:05  SCV  
  12  2:10  Supply Depot  
  12  2:17  SCV  
  12  2:22  Barracks  
  12  2:31  SCV  
  12  2:37  Marine x2  
  12  2:43  SCV, Barracks Tech Lab  
  12  2:55  Marine x2, Orbital Command  
  12  2:59  SCV  
  12  3:02  Marauder  
  12  3:03  Stimpack  
  12  3:09  Barracks Tech Lab  
  12  3:13  SCV, Marine x2  
  12  3:21  SCV  
  12  3:24  Marauder  
  12  3:26  Supply Depot  
  12  3:28  Marauder  
  12  3:29  Combat Shield  
  12  3:31  SCV  
  12  3:33  Marine  
  12  3:35  Marine  
  12  3:37  SCV  
  12  3:43  SCV  
  12  3:47  Marauder  
  12  3:49  SCV, Marauder  
  12  3:50  Supply Depot  
  12  3:53  Marine  
  12  3:55  SCV, Marine  
  12  4:01  SCV  
  12  4:09  Command Center  
  12  4:12  SCV  
  12  4:13  Marine  
  12  4:14  Marine  
  12  4:16  Marine  
  12  4:17  SCV  
  12  4:25  Factory  
  12  4:27  Refinery, SCV  
  12  4:30  Refinery  
  12  4:32  Marine  
  12  4:33  Refinery, SCV  
  12  4:44  Supply Depot  
  12  5:05  Marine x4  
  12  5:06  SCV x2  
  12  5:07  Supply Depot  
  12  5:09  Engineering Bay  
  12  5:11  Factory Reactor, Engineering Bay, Starport  
Tags
 
Add a new tag
Caveats
  • Supply blocks, unpowered buildings, or Contaminate may cause inaccurate times.
  • Supply counts are checked every 10 seconds.